Map: Frozen Temple

Players

Miszu - Winner!

  • Race: Terran Terran
  • League: Master

gameofclowns

  • Race: Terran Terran
  • League: Master

VOD

Have the link to the VOD?

Description

Time

  • Played on: July 4, 2016, 6:24 p.m.
  • Length: 4:14
Show
View Real Time Build Order
Export as new Build Order

Miszu Terran - Winner!

Build Orders: 1/1/1, Liberator Opening 

Get SALT Encoding   

  12  0:01  SCV  
  13  0:13  SCV  
  14  0:18  Supply Depot  
  14  0:25  SCV  
  15  0:40  SCV  
  15  0:41  Barracks  
  16  0:44  Refinery  
  16  0:52  SCV  
  16  0:54  Refinery  
  17  1:04  SCV  
  18  1:16  SCV  
  19  1:30  Marine  
  21  1:33  Orbital Command  
  21  1:37  Factory  
  20  1:45  Supply Depot  
  20  1:48  Marine  
  21  1:59  SCV  
  22  2:05  Marine  
  23  2:22  Starport, Hellion  
  24  2:24  Marine  
  25  2:43  Hellion, Liberator  
  27  2:45  Marine  
  27  2:49  Supply Depot, SCV  
  29  3:03  SCV  
  31  3:07  Hellion  
  31  3:09  Marine  
  31  3:17  SCV  
  32  3:20  Supply Depot  
  32  3:29  SCV  
  33  3:34  Marine  
  33  3:35  Hellion  
  36  3:42  SCV  
  36  3:43  Medivac  
  39  3:52  Marine  
  39  3:54  SCV  
  39  3:55  Supply Depot  
Show
View Real Time Build Order
Export as new Build Order

gameofclowns Terran 

Build Orders:  

Get SALT Encoding   

  12  0:01  SCV  
  13  0:13  SCV  
  14  0:19  Supply Depot  
  14  0:25  SCV  
  15  0:32  Refinery  
  15  0:45  Barracks  
  15  1:00  Barracks  
  15  1:16  Barracks  
  15  1:22  SCV  
  16  1:33  Reaper  
  17  1:48  Reaper  
  17  1:51  SCV  
  19  2:05  Reaper  
  19  2:12  Orbital Command  
  19  2:16  Reaper  
  20  2:28  Supply Depot, Refinery  
  19  2:31  Reaper  
  19  2:48  Reaper  
  20  2:51  SCV  
  19  3:07  Reaper  
  19  3:10  SCV  
  20  3:13  Reaper  
  21  3:22  SCV  
  21  3:25  Reaper  
  23  3:34  SCV  
  23  3:39  Reaper  
  25  3:42  Supply Depot  
  25  3:46  SCV  
  27  3:57  Supply Depot  
  27  3:59  SCV  
Tags
 
Add a new tag
Caveats
  • Supply blocks, unpowered buildings, or Contaminate may cause inaccurate times.
  • Supply counts are checked every 10 seconds.